 Dungeon Crawl Stone Soup version 0.31-a0-177-g4aa6249778 (webtiles) character file.

Game seed: 15852790781216302169

242 qw the Shooter (level 6, -1/56 HPs)
             Began as a Naga Hunter on June 17, 2023.
             Slain by an orc
             ... wielding a +0 flail
              (7 damage)
             ... on level 3 of the Dungeon.
             The game lasted 00:00:51 (1771 turns).

qw the Shooter (Naga Hunter)                        Turns: 1771, Time: 00:00:52

Health: -1/56      AC:  0    Str: 13    XL:     6   Next: 9%
Magic:  6/6        EV: 14    Int:  9    God:
Gold:   16         SH:  0    Dex: 17    Spells: 5/5 levels left

rFire   . . .        Y - melded +1 orcbow
rCold   . . .        (shield currently unavailable)
rNeg    . . .        c - melded +0 leather armour
rPois   .            (helmet currently unavailable)
rElec   .            (cloak currently unavailable)
rCorr   .            (gloves currently unavailable)
SInv    +            (no barding)
Will    .....        (no amulet)
Stlth   ++           (ring currently unavailable)
HPRegen 0.29/turn    (ring currently unavailable)
MPRegen 0.10/turn

%: no passive effects
@: short of breath, pig-form (expiring), very quick
A: fast, no casting, AC +2, small, see invisible, (deformed body), (poison
resistance), (slowness 2), spit poison 1, (naga tail 1)
a: Spit Poison


You were on level 3 of the Dungeon.
You were a filthy swine.
You visited 1 branch of the dungeon, and saw 3 of its levels.

You collected 110 gold pieces.
You spent 94 gold pieces at shops.


Innate Abilities, Weirdness & Mutations

You are a filthy swine.
You move quickly.
Your equipment is almost entirely melded.
You are incapable of wielding weapons or throwing items.
You cannot cast spells.
((Your serpentine skin is tough. (AC +2)))
You have supernaturally acute eyesight. (SInv)
((Armour fits poorly on your strangely shaped body.))
((Your system is resistant to poisons. (rPois)))
((You cover ground very slowly.))
You can spit poison.
((You have a snake-like lower body.))


   Skills:
 + Level 3.3 Fighting
 - Level 6.0 Ranged Weapons
 - Level 1.5 Dodging
 - Level 1.5 Stealth


You had 5 spell levels left.
You didn't know any spells.
Your spell library was empty.

Inventory:

Hand Weapons
 Y - a +1 orcbow (melded)
Armour
 c - a +0 leather armour (melded)
Jewellery
 m - a +4 ring of protection
Scrolls
 b - a scroll of enchant armour {unknown}
 d - a scroll of summoning {unknown}
 h - 2 scrolls of identify
 k - a scroll of revelation {unknown}
 q - a scroll of teleportation {unknown}
Potions
 a - 2 potions of lignification {unknown}
 e - 2 potions of haste {unknown}
 f - a potion of cancellation {unknown}
 g - 2 potions of curing {unknown}
 i - a potion of degeneration {unknown}
 j - a potion of magic {unknown}
 l - a potion of might
 n - 2 potions of heal wounds {unknown}
 o - a potion of enlightenment {unknown}
 p - a potion of mutation {unknown}

Dungeon Overview and Level Annotations

Branches:
Dungeon (3/15)

Altars:

Shops:
D:3 *


Message History

You hit Ijyb but do no damage.
Ijyb is heavily wounded.
You have got your breath back.
Ijyb hits you with a +0 club! The orc completely misses you.
1763 ||| INVOKING Spit Poison.
Aiming: Spit Poison (1% risk of failure)
Press: ? - help, Shift-Dir - straight line, f/p - Ijyb The splash of poison hits Ijyb.
Ijyb is poisoned.
Ijyb is severely wounded.
Ijyb hits you with a +0 club. The orc closely misses you.
You closely miss Ijyb.
Ijyb is severely wounded.
Ijyb barely misses you. The orc hits you with a +0 flail!
You closely miss Ijyb.
Ijyb is severely wounded.
Ijyb grins evilly.
Ijyb hits you with a +0 club. The orc barely misses you.
You miss Ijyb.
Ijyb is severely wounded.
Ijyb hits you with a +0 club. The orc misses you.
You hit Ijyb.
You kill Ijyb!
The orc completely misses you. The endoplasm hits you.
You have reached level 6!
Your skin feels tougher.
You hit the endoplasm but do no damage. The orc completely misses you.
The endoplasm hits you.
You barely miss the endoplasm.
Your transformation is almost over.
You have got your breath back.
The endoplasm barely misses you. The orc barely misses you.
1770 ||| INVOKING Spit Poison.
Aiming: Spit Poison (1% risk of failure)
Press: ? - help, Shift-Dir - straight line, f - orc The splash of poison hits the orc.
The orc is poisoned.
The orc is moderately wounded.
The endoplasm completely misses you. The orc barely misses you.
You barely miss the orc.
The orc is moderately wounded.
The orc hits you with a +0 flail!
You die...

#.#....
...
#.#....
..#
#.#.... ..
#.#....
#%#######
#.#....
#.#.....
#.###'#
#.....#
... #.#
#.#
#.o)J.# ..
#.# #.#
#..h..# ..
#)###.#
#.\...# #)
#...#.#
#.....#
#..###.#)#
#.##'##
#..#.#.#..
#.....#
#....#.#..
#.....#
#.##.#.#).
#.....#
#......#..
#.....#
####.###.)
#.....#
#.# #..


You could see an orc (poisoned) and an endoplasm.

Vanquished Creatures
  An orc priest (D:3)
  Ijyb (D:3)
  Natasha (D:3)
  An iguana (D:3)
  An orc wizard (D:3)
  A gnoll (D:1)
  2 adders (D:2)
  2 worms (D:2)
  4 dart slugs
  5 orcs (D:3)
  5 ball pythons
  3 endoplasms (D:1)
  A giant cockroach (D:3)
  9 goblins
  8 hobgoblins
  2 jackals (D:2)
  2 quokkas
  5 bats
  2 frilled lizards
  5 kobolds
  7 rats
68 creatures vanquished.

Notes
Turn   | Place    | Note
-------+----------+-------------------------------------------
     0 | D:1      | qw the Naga Hunter began the quest for the Orb.
     0 | D:1      | Reached XP level 1. HP: 19/19 MP: 1/1
     0 | D:1      | 0 ||| qw: Version: 0.3-a-5-g6f28e65
     0 | D:1      | 0 ||| qw: Game counter: 494
     0 | D:1      | 0 ||| qw: Always use a shield: true
     0 | D:1      | 0 ||| qw: God list: Okawaru
     0 | D:1      | 0 ||| qw: Allow faded altars: false
     0 | D:1      | 0 ||| qw: Do Orc after D:15 true
     0 | D:1      | 0 ||| qw: Do second Lair branch before Depths: true
     0 | D:1      | 0 ||| qw: Lair rune preference: random
     0 | D:1      | 0 ||| qw: Plans: Normal
     0 | D:1      | 0 ||| PLANNING D:1-11
    83 | D:1      | 83 ||| INVOKING Spit Poison.
    91 | D:1      | 91 ||| INVOKING Spit Poison.
    94 | D:1      | 94 ||| INVOKING Spit Poison.
   150 | D:1      | 150 ||| INVOKING Spit Poison.
   151 | D:1      | Reached skill level 4 in Ranged Weapons
   151 | D:1      | Reached XP level 2. HP: 26/26 MP: 2/2
   160 | D:1      | 160 ||| INVOKING Spit Poison.
   186 | D:1      | 186 ||| INVOKING Spit Poison.
   189 | D:1      | 189 ||| INVOKING Spit Poison.
   192 | D:1      | 192 ||| INVOKING Spit Poison.
   195 | D:1      | 195 ||| INVOKING Spit Poison.
   200 | D:1      | 200 ||| INVOKING Spit Poison.
   255 | D:1      | 255 ||| INVOKING Spit Poison.
   259 | D:1      | 259 ||| INVOKING Spit Poison.
   262 | D:1      | Reached XP level 3. HP: 32/32 MP: 3/3
   284 | D:1      | 284 ||| PLANNING D:1-11
   284 | D:1      | Upgraded the game from 0.31-a0-176-g91f28db67f to
                  | 0.31-a0-177-g4aa6249778
   284 | D:1      | 284 ||| PLANNING D:1-11
   290 | D:1      | 290 ||| INVOKING Spit Poison.
   297 | D:1      | 297 ||| INVOKING Spit Poison.
   303 | D:1      | 303 ||| INVOKING Spit Poison.
   377 | D:1      | 377 ||| INVOKING Spit Poison.
   382 | D:1      | 382 ||| INVOKING Spit Poison.
   563 | D:1      | 563 ||| SWAPPING to +0 orcbow.
   564 | D:1      | 564 ||| DROPPING +0 shortbow.
   622 | D:1      | 622 ||| READING 2 scrolls labelled TOIGONWIOSEC.
   623 | D:1      | 623 ||| READING scroll labelled IVIHUI CILANU.
   624 | D:1      | 624 ||| READING scroll labelled PAV REANUINNU.
   725 | D:1      | 725 ||| READING scroll labelled PEPUME WYJEWK.
   726 | D:1      | 726 ||| DRINKING 2 fizzy dark potions.
   727 | D:1      | 727 ||| DROPPING scroll of butterflies.
   728 | D:1      | 728 ||| DROPPING scroll of blinking.
   745 | D:2      | 745 ||| INVOKING Spit Poison.
   750 | D:2      | 750 ||| INVOKING Spit Poison.
   755 | D:2      | 755 ||| INVOKING Spit Poison.
   758 | D:2      | Reached skill level 5 in Ranged Weapons
   758 | D:2      | 758 ||| INVOKING Spit Poison.
   759 | D:2      | Reached XP level 4. HP: 36/39 MP: 4/4
   773 | D:2      | 773 ||| INVOKING Spit Poison.
   780 | D:2      | 780 ||| INVOKING Spit Poison.
   788 | D:2      | 788 ||| INVOKING Spit Poison.
   794 | D:2      | 794 ||| INVOKING Spit Poison.
   823 | D:2      | 823 ||| INVOKING Spit Poison.
   838 | D:2      | 838 ||| INVOKING Spit Poison.
   856 | D:2      | 856 ||| INVOKING Spit Poison.
   860 | D:2      | 860 ||| INVOKING Spit Poison.
   902 | D:2      | 902 ||| INVOKING Spit Poison.
   960 | D:2      | 960 ||| INVOKING Spit Poison.
   968 | D:2      | 968 ||| INVOKING Spit Poison.
   969 | D:2      | 969 ||| INVOKING Spit Poison.
   994 | D:2      | 994 ||| INVOKING Spit Poison.
   999 | D:2      | 999 ||| INVOKING Spit Poison.
  1004 | D:2      | 1004 ||| Stepping ~*~*~tactically~*~*~ (outnumbered).
  1005 | D:2      | 1005 ||| INVOKING Spit Poison.
  1009 | D:2      | 1009 ||| INVOKING Spit Poison.
  1028 | D:2      | 1028 ||| INVOKING Spit Poison.
  1155 | D:2      | 1155 ||| INVOKING Spit Poison.
  1161 | D:2      | 1161 ||| INVOKING Spit Poison.
  1164 | D:2      | 1164 ||| INVOKING Spit Poison.
  1175 | D:2      | 1175 ||| INVOKING Spit Poison.
  1224 | D:2      | 1224 ||| INVOKING Spit Poison.
  1238 | D:2      | 1238 ||| INVOKING Spit Poison.
  1241 | D:2      | Reached skill level 3 in Fighting
  1244 | D:2      | 1244 ||| INVOKING Spit Poison.
  1324 | D:2      | 1324 ||| DROPPING ring of flight.
  1325 | D:2      | 1325 ||| READING scroll labelled MOMAYM COSILE.
  1373 | D:3      | 1373 ||| INVOKING Spit Poison.
  1375 | D:3      | Reached XP level 5. HP: 49/49 MP: 5/5
  1437 | D:3      | 1437 ||| INVOKING Spit Poison.
  1599 | D:3      | 1599 ||| INVOKING Spit Poison.
  1606 | D:3      | 1606 ||| INVOKING Spit Poison.
  1633 | D:3      | Noticed Natasha
  1634 | D:3      | 1634 ||| INVOKING Spit Poison.
  1636 | D:3      | Killed Natasha
  1653 | D:3      | 1653 ||| INVOKING Spit Poison.
  1658 | D:3      | 1658 ||| INVOKING Spit Poison.
  1662 | D:3      | Reached skill level 6 in Ranged Weapons
  1740 | D:3      | Found Xaitz's Assorted Antiques.
  1750 | D:3      | 1750 ||| BUYING 2 golden potions (37 gold).
  1750 | D:3      | Bought 2 golden potions for 37 gold pieces
  1750 | D:3      | 1750 ||| BUYING brown potion (18 gold).
  1750 | D:3      | Bought a brown potion for 18 gold pieces
  1750 | D:3      | 1750 ||| SHOPLISTING large opal ring (105 gold, have 55).
  1750 | D:3      | 1750 ||| BUYING lumpy coppery potion (18 gold).
  1750 | D:3      | Bought a lumpy coppery potion for 18 gold pieces
  1750 | D:3      | 1750 ||| BUYING scroll labelled ESUNAM PIOCSO (21 gold).
  1750 | D:3      | Bought a scroll labelled ESUNAM PIOCSO for 21 gold pieces
  1750 | D:3      | 1750 ||| SHOPLISTING scroll labelled IQUHIG LECYIS (21
                  | gold, have 16).
  1750 | D:3      | Noticed Ijyb
  1753 | D:3      | 1753 ||| INVOKING Spit Poison.
  1756 | D:3      | 1756 ||| INVOKING Spit Poison.
  1763 | D:3      | 1763 ||| INVOKING Spit Poison.
  1766 | D:3      | HP: 10/49 [Ijyb/+0 club (6)]
  1767 | D:3      | Killed Ijyb
  1768 | D:3      | Reached XP level 6. HP: 8/56 MP: 6/6
  1770 | D:3      | 1770 ||| INVOKING Spit Poison.
  1771 | D:3      | Slain by an orc

Levels and vault maps discovered:
D:1:      heliophobic_arrival_ceremonial_halls, layout_loops_cross,
          kennysheep_decorative_pillar
D:2:      layout_loops_ring
D:3:      layout_basic, serial_shops, shop, uniq_natasha, uniq_ijyb

Skill      XL: |  1  2  3  4  5 |
---------------+----------------+-----
Ranged Weapons | 4 5 6 |  6.0
Fighting       | 3 |  3.3
Dodging        | |  1.5
Stealth        | |  1.5

Action                     |  1- 3 |  4- 6 || total
---------------------------+-------+-------++-------
  Melee: Unarmed           |       |    13 ||    13
   Fire: Shortbow          |    46 |       ||    46
         Orcbow            |    12 |    64 ||    76
Ability: Spit Poison       |    21 |    34 ||    55
    Use: Scroll            |     4 |     1 ||     5
         Potion            |     1 |       ||     1
 Armour: Leather armour    |     6 |     8 ||    14
  Dodge: Dodged            |    15 |    22 ||    37

Table legend:
 A = Non-vault XP
 B = Vault XP
 C = Vault XP percentage of total XP
 D = Non-vault monster count
 E = Vault monster count
 F = Vault count percentage of total count
                 A         B        C        D         E       F
            +---------+---------+-------+---------+---------+-------
      Total |     275 |      72 |  20.7 |      66 |       2 |   2.9
            +---------+---------+-------+---------+---------+-------
        D:1 |      61 |       0 |   0.0 |      27 |       0 |   0.0
        D:2 |      79 |       0 |   0.0 |      28 |       0 |   0.0
        D:3 |     135 |      72 |  34.8 |      11 |       2 |  15.4
            +---------+---------+-------+---------+---------+-------
